 Dungeon Crawl Stone Soup version 0.19.4-8-ga85b6b9 (webtiles) character file.

365 Ragdoll the Skirmisher (level 6, -2/49 HPs)
             Began as a Mummy Chaos Knight on Feb 12, 2017.
             Killed from afar by a twister (10 damage)
             ... with a tornado
             ... summoned by the severe capriciousness of Xom
             ... on level 4 of the Dungeon.
             The game lasted 00:06:34 (2814 turns).

Ragdoll the Skirmisher (Mummy Chaos Knight)         Turns: 2814, Time: 00:06:35

Health: -2/49      AC:  6    Str: 17    XL:     6   Next: 40%
Magic:  6/6        EV: 16    Int: 12    God:    Xom [.*....]
Gold:   96         SH:  0    Dex: 11    Spells: 0 memorised, 5 levels left

rFire  x . .     SeeInvis +     a - +0 mace (chaos)
rCold  + . .     Gourm    .     b - +2 leather armour
rNeg   + + +     Faith    .     (no shield)
rPois  ∞         Spirit   .     o - +0 helmet
rElec  .         Reflect  .     (no cloak)
rCorr  .         Harm     .     (no gloves)
MR     .....                    (no boots)
Stlth  +.........               (no amulet)
                                d - +4 ring of evasion
                                c - ring of see invisible

@: flying (expiring)
A: no food or potions, fire vulnerability, cold resistance 1, negative energy
resistance 3, torment resistance, unbreathing
a: Renounce Religion


You were on level 4 of the Dungeon.
You worshipped Xom.
You were a plaything of Xom.
You were not hungry.

You visited 1 branch of the dungeon, and saw 4 of its levels.

You collected 96 gold pieces.

Inventory:

Hand Weapons
 a - a +0 mace of chaos (weapon)
 n - a +0 dagger
Armour
 b - a +2 leather armour (worn)
 o - a +0 helmet (worn)
Jewellery
 c - a ring of see invisible (left hand)
 d - a +4 ring of evasion (right hand)
 m - a +4 ring of evasion
Wands
 g - a wand of polymorph (17/24)
Scrolls
 e - a scroll of random uselessness {unknown}
 f - a scroll of recharging
 h - a scroll of teleportation {unknown}
 i - 4 scrolls of identify {unknown}
 j - a scroll of enchant armour {unknown}
 k - 2 scrolls of blinking {unknown}
 l - a scroll of fear {unknown}


   Skills:
 + Level 4.6 Fighting
 + Level 3.6 Maces & Flails
 + Level 2.9 Armour
 + Level 2.5 Dodging


You had 5 spell levels left.
You didn't know any spells.

Dungeon Overview and Level Annotations

Branches:
Dungeon (4/15)
 Temple: D:4-7

Altars:
Ashenzari
Gozag
Trog
The Shining One

Annotations:
D:4 Feta's ghost, amateur GrEE


Innate Abilities, Weirdness & Mutations

You do not eat or drink.
Your flesh is vulnerable to fire.
You are immune to poison.
Your flesh is cold resistant. (rC+)
You are immune to negative energy. (rN+++)
You are immune to unholy pain and torment.
You can survive without breathing.


Message History

a flail of holy wrath; a ring mail; an orc corpse You start resting.
Feta's ghost (amateur Gargoyle Earth Elementalist) opens the door.
Feta's ghost keens inconsolably.
Things that are here:
a dagger; a robe You hear Xom's maniacal laughter.
Nothing appears to happen. "Try this."
The vortex of raging winds lifts you up.
You fly up into the air.
A huge vortex of air appears!
You are engulfed in raging winds.
You are engulfed in raging winds.
* * * LOW HITPOINT WARNING * * *
As you read the scroll labeled ORHIOCKA ARANO, it crumbles to dust.
It is a scroll of recharging.
Charge which item? (? for menu, Esc to quit)
Your wand of polymorph glows for a moment.
You are engulfed in raging winds.
You die...

....##...##.####..#..#
#. #...##.####..##
#...[).#......#
#......#......#
#......#.§§§..#
..W......#§§§§§.##
..#......##W§§§..# .
#......##§§§####
#......#§v§M§#
#......#§§§§§# #§§§§§#
.... #§§§§§# ....
#...§§# .....##...####
.....###+#...#
............##
............#


You could see a twister and Feta's ghost.

Vanquished Creatures
  Menkaure (D:4)
  2 hounds
  An orc wizard (D:4)
  A worker ant (D:4)
  Robin (D:4)
  7 adders
  A dart slug (D:2)
  8 orcs
  A ball python (D:3)
  4 bats
  4 giant cockroaches
  12 goblins
  9 hobgoblins
  6 kobolds
  3 quokkas (D:3)
  5 frilled lizards
  9 rats
75 creatures vanquished.

Vanquished Creatures (collateral kills)
  A goblin (D:1)
1 creature vanquished.

Grand Total: 76 creatures vanquished

Notes
Turn   | Place    | Note
-------+----------+-------------------------------------------
     0 | D:1      | Ragdoll the Mummy Chaos Knight began the quest for the Orb.
     0 | D:1      | Reached XP level 1. HP: 18/18 MP: 1/1
   381 | D:1      | XOM: silly message
   396 | D:1      | Reached XP level 2. HP: 24/24 MP: 2/2
   626 | D:1      | XOM is BORED!
   626 | D:1      | XOM: silly message
   652 | D:1      | Noticed a porcupine
   652 | D:1      | a rat changed into a porcupine
   656 | D:1      | a porcupine changed into an ooze
   795 | D:1      | Noticed a wyvern
   804 | D:1      | XOM: enchant monster (bad)
   810 | D:1      | Noticed a centaur
   810 | D:1      | a wyvern changed into a centaur
   821 | D:1      | Noticed a bullfrog
   821 | D:1      | a centaur changed into a bullfrog
   822 | D:1      | XOM: summons friendly ufetubus
   827 | D:1      | Noticed a crocodile
   827 | D:1      | a bullfrog changed into a crocodile
   840 | D:1      | Noticed a tengu
   879 | D:1      | Noticed a tengu
   899 | D:1      | XOM: medium Tmut miscast
   943 | D:1      | Noticed a killer bee
   958 | D:2      | Found an opulent altar of Gozag.
  1060 | D:2      | Reached skill level 1 in Dodging
  1060 | D:2      | Reached XP level 3. HP: 17/29 MP: 3/3
  1133 | D:2      | Found a bloodstained altar of Trog.
  1324 | D:2      | Found a glowing golden altar of the Shining One.
  1763 | D:1      | XOM: summons friendly shadow imp
  1797 | D:1      | Noticed a centaur
  1849 | D:1      | XOM is BORED!
  1849 | D:1      | XOM: severe Summ miscast
  1850 | D:1      | Noticed a rust devil
  1850 | D:1      | Noticed a rust devil
  1850 | D:1      | XOM: butterfly on damage
  2072 | D:3      | Found a shattered altar of Ashenzari.
  2195 | D:3      | Reached XP level 4. HP: 35/37 MP: 4/4
  2275 | D:3      | Reached skill level 4 in Fighting
  2297 | D:3      | XOM: confuse monster(s)
  2306 | D:3      | XOM: enchant monster (good)
  2346 | D:3      | You fall through a shaft!
  2349 | D:4      | Noticed a phantom
  2354 | D:4      | Noticed Robin
  2357 | D:4      | XOM: scenery: 2 doors open
  2366 | D:4      | XOM: enchant monster (good)
  2378 | D:4      | XOM: summons 4 friendly demons
  2459 | D:3      | Reached XP level 5. HP: 42/42 MP: 5/5
  2559 | D:4      | Killed Robin
  2559 | D:4      | XOM: noise
  2775 | D:4      | Noticed Menkaure
  2779 | D:4      | XOM: destruction
  2791 | D:4      | Killed Menkaure
  2791 | D:4      | Reached XP level 6. HP: 33/49 MP: 6/6
  2796 | D:4      | Noticed Feta's ghost (amateur GrEE)
  2810 | D:4      | XOM: harmless Conj miscast
  2811 | D:4      | XOM: severe Air miscast
  2814 | D:4      | Killed from afar by a twister

Skill      XL: |  1  2  3  4  5 |
---------------+----------------+-----
Armour         | 2 |  2.9
Dodging        | 1 2 |  2.5
Maces & Flails | 3 |  3.6
Fighting       | 4 |  4.6

Action                   |  1- 3 |  4- 6 || total
-------------------------+-------+-------++-------
Melee: Mace              |   112 |   113 ||   225
  Use: Scroll            |       |     1 ||     1
 Stab: Paralysed         |     1 |     2 ||     3
       Sleeping          |     1 |       ||     1
Armor: Leather armour    |    36 |    36 ||    72
Dodge: Dodged            |    91 |   126 ||   217
